 Dungeon Crawl Stone Soup version 0.23-a0-451-g1044d4c (webtiles) character file.

24110 galech the Cleaver (level 12, -31/94 (95) HPs)
             Began as a Demonspawn Fighter on Nov 23, 2018.
             Was a High Priest of Okawaru.
             Annihilated by an orc knight
             ... wielding a +0 dire flail
              (38 damage)
             ... on level 2 of the Orcish Mines.
             The game lasted 00:25:37 (17033 turns).

galech the Cleaver (Demonspawn Fighter)            Turns: 17033, Time: 00:25:38

HP:   -31/94 (95)   AC: 20    Str: 17    XL:     12   Next: 77%
MP:   0/4           EV: 13    Int:  6    God:    Okawaru [*****.]
Gold: 1195          SH: 22    Dex: 26    Spells: 11/11 levels left

rFire    . . .     SeeInvis .   I - +1 war axe (antimagic)
rCold    . . .     Gourm    .   N - +0 large shield
rNeg     + . .     Faith    .   b - +3 chain mail of the Komtur {Int-3 Dex+5}
rPois    +         Spirit   +   F - +0 helmet
rElec    .         Reflect  +   G - +0 cloak
rCorr    .         Harm     .   i - +2 pair of gloves {Dex+3}
MR       .....                  (no boots)
Stlth    +.........             v - +2 amulet of reflection
HPRegen  0.25/turn              E - ring of positive energy
MPRegen  0.18/turn              J - ring of poison resistance

@: heroism
A: hooves 2, iridescent scales 1, deformed body, demonic guardian 1, magic
shield, magic regeneration, no potion heal 1
a: Heroism, Finesse, Renounce Religion


You were on level 2 of the Orcish Mines.
You worshipped Okawaru.
Okawaru was extremely pleased with you.
You were not hungry.

You visited 3 branches of the dungeon, and saw 15 of its levels.

You collected 1392 gold pieces.
You spent 197 gold pieces at shops.

Inventory:

Hand Weapons
 t - a +0 war axe of freezing
 I - a +1 antimagic war axe (weapon)
 K - a +2 hand axe of freezing
 O - a +0 halberd of flaming
Armour
 b - the +3 chain mail of the Komtur (worn) {Int-3 Dex+5}
   (You found it on level 8 of the Dungeon)

   It affects your intelligence (-3).
   It affects your dexterity (+5).
 i - a +2 pair of gloves of dexterity (worn)
 F - a +0 helmet (worn)
 G - a +0 cloak (worn)
 N - a +0 large shield (worn)
 Q - a +1 plate armour of fire resistance
Jewellery
 c - an uncursed ring of fire
 p - an uncursed amulet of the gourmand
 v - a +2 amulet of reflection (around neck)
 C - an uncursed ring of fire
 E - a ring of positive energy (left hand)
 J - a ring of poison resistance (right hand)
Wands
 w - a wand of flame (28)
 D - a wand of polymorph (11)
 H - a wand of iceblast (4)
Scrolls
 a - 3 scrolls of teleportation
 e - a scroll of amnesia
 g - 3 scrolls of immolation
 j - a scroll of fog
 k - a scroll of enchant weapon
 r - 3 scrolls of remove curse
 x - a scroll of noise
 y - 3 scrolls of fear
 B - 5 scrolls of blinking
 L - a scroll of magic mapping
 M - a scroll of holy word
 P - a scroll of enchant armour
Potions
 d - a potion of might
 h - 2 potions of heal wounds
 l - 2 potions of magic
 m - a potion of mutation {unknown}
 n - a potion of degeneration
 o - 3 potions of curing {unknown}
 q - 2 potions of lignification {unknown}
 s - a potion of resistance
 u - a potion of flight
 z - 3 potions of haste
 A - a potion of berserk rage
Comestibles
 f - 21 rations
 R - 2 chunks of flesh


   Skills:
 + Level 9.3(14.3) Fighting
 + Level 12.4(17.5) Axes
 + Level 2.4(13.5) Polearms
 + Level 8.3(13.3) Armour
 + Level 5.2(10.2) Dodging
 + Level 3.0(8.0) Stealth
 + Level 9.2(14.2) Shields
 + Level 1.4 Invocations


You had 11 spell levels left.
You didn't know any spells.
Your spell library contained the following spells:

 Spells                   Type           Power        Failure   Level  Hunger
 Confusing Touch          Hex            #.....       100%        1    ##.....
 Magic Dart               Conj           #...         100%        1    ##.....
 Sandblast                Erth           #.....       100%        1    ##.....
 Passwall                 Tmut/Erth      #.......     100%        2    ###....
 Searing Ray              Conj           #.....       100%        2    ###....
 Confuse                  Hex            #.......     100%        3    ####...
 Dazzling Spray           Conj/Hex       #.....       100%        3    ####...
 Gell's Gravitas          Tloc           #.........   100%        3    ####...
 Stone Arrow              Conj/Erth      #.....       100%        3    ####...
 Force Lance              Conj/Tloc      #.......     100%        4    #####..
 Fulminant Prism          Conj/Hex       #.........   100%        4    #####..
 Iskenderun's Mystic Bla  Conj           #.......     100%        4    #####..
 Petrify                  Tmut/Erth      #.......     100%        4    #####..
 Lee's Rapid Deconstruct  Erth           #.........   100%        5    ######.
 Metabolic Englaciation   Hex/Ice        #.........   100%        5    ######.
 Yara's Violent Unravell  Hex/Tmut       #.........   100%        5    ######.


Dungeon Overview and Level Annotations

Branches:
Dungeon (12/15)            Temple (1/1) D:4            Lair (0/6) D:10
    Orc (2/2) D:12
    Elf: Orc:2

Altars:
Ashenzari
Cheibriados
Dithmenos
Elyvilon
Fedhas
Gozag
Hepliaklqana
Kikubaaqudgha
Makhleb
Nemelex Xobeh
Okawaru
Qazlal
Ru
Sif Muna
Trog
Uskayaw
Vehumet
Wu Jian
Xom
Yredelemnul
Zin
The Shining One
Beogh

Shops:
D:8 }=   D:12 [   Orc:1 (   Orc:2 %*

Annotations:
D:5 2 transporters


Innate Abilities, Weirdness & Mutations

You have hoof-like feet.
You are partially covered in iridescent scales. (AC +2)
A weak demonic guardian rushes to your aid.
When hurt, damage is shared between your health and your magic reserves.
You regenerate magic rapidly.
Armour fits poorly on your strangely shaped body.
Potions are less effective at restoring your health.


Message History

You kick the orc knight, but do no damage.
The orc knight is almost dead.
You hit the orc warrior but do no damage.
You slash the orc priest! You block the orc knight's attack.
The orc warrior hits you with a +0 hand axe!
* * * LOW HITPOINT WARNING * * *
You slash the orc knight!
You kill the orc knight!
Okawaru accepts your kill.
You slash the orc priest!
You kill the orc priest!
Okawaru accepts your kill.
Your chain mail of the Komtur prevents you from hitting the orc warrior.
An orc knight comes into view. It is wielding a +0 dire flail.
The orc warrior hits you with a +0 hand axe!
* * * LOW HITPOINT WARNING * * *
You closely miss the orc knight. Your kick misses the orc knight.
You closely miss the orc warrior.
The orc knight hits you with a +0 dire flail!!!
You die...

### #. ##.## #..
##..5# #.o###)#o#
##..###.o@#.5.#
##..###...###...#
##..###...##
#...#
##........##
#...#
##....#...## #...
##...#....## #o#
##∩.#.....## oo
#.....#..##
##∩.#.)...##


You could see an orc knight, an orc warrior and a friendly ufetubus.

Vanquished Creatures
  A hydra (D:12)
  A catoblepas (D:12)
  2 two-headed ogres
  A death yak (D:8)
  A sun demon (Orc:2)
  2 unseen horrors
  3 orc knights
  2 manticores
  A deep elf mage (D:10)
  A cyclops (D:11)
  2 ugly things
  A centaur zombie (D:12)
  A gargoyle (D:10)
  A komodo dragon (D:12)
  2 trolls (D:11)
  A merfolk (D:10)
  4 hippogriffs
  A wraith (D:11)
  11 yaks
  A shadow (D:12)
  Grum (D:10)
  A wyvern (D:9)
  A basilisk (D:12)
  A human (D:10)
  4 hungry ghosts
  A neqoxec (Orc:2)
  A warg (Orc:1)
  3 acid dragons
  Edmund (D:6)
  A water moccasin (D:11)
  20 orc warriors
  4 sky beasts
  A necrophage (D:10)
  4 ice beasts
  3 phantoms
  6 ogres
  4 wolves
  2 centaurs
  A crocodile (D:9)
  A big kobold (D:12)
  5 bullfrogs
  5 gnoll sergeants
  A water moccasin zombie (D:5)
  2 wyvern skeletons
  A wyvern zombie (D:10)
  2 water moccasin skeletons
  A scorpion (D:11)
  14 killer bees
  3 howler monkeys
  3 wights (D:12)
  2 electric eels (D:8)
  2 crimson imps
  A bullfrog zombie (D:11)
  3 quasits
  A wyvern simulacrum (D:8)
  2 hounds
  18 orc priests
  15 orc wizards
  4 bullfrog skeletons
  A gnoll shaman (D:7)
  3 iguanas
  6 worker ants
  A centaur simulacrum (D:8)
  2 hound skeletons
  A worker ant zombie (D:5)
  17 gnolls
  A howler monkey skeleton (D:5)
  15 adders
  3 shadow imps
  A white imp (D:8)
  An ufetubus (D:8)
  2 adder skeletons
  2 dart slugs (D:2)
  An adder simulacrum (D:8)
  5 leopard geckos
  56 orcs
  A ball python (D:6)
  3 giant cockroaches (D:2)
  8 hobgoblins
  26 jackals
  9 quokkas
  7 bats
  3 frilled lizards
  8 goblins
  A jackal skeleton (D:5)
  8 kobolds
  A leopard gecko zombie (D:4)
  A quokka skeleton (D:4)
  6 rats
386 creatures vanquished.

Vanquished Creatures (collateral kills)
  2 ugly things
  2 trolls (Orc:1)
  2 hippogriffs (D:11)
  A yak (D:11)
  An ice beast (D:10)
  A necrophage (D:5)
  2 wolves
  An ogre (D:4)
  A bullfrog (D:11)
  A wight (D:12)
  3 howler monkeys
  A hound (D:9)
  A centaur skeleton (D:9)
  An orc priest (D:4)
  An adder (D:9)
  A shadow imp (D:11)
  A worm (D:3)
  2 orcs
25 creatures vanquished.

Vanquished Creatures (others)
  An orc warrior (Orc:2)
  An orc wizard (D:4)
  An ufetubus (D:8)
  An orc (Orc:1)
4 creatures vanquished.

Grand Total: 415 creatures vanquished

Notes
Turn   | Place    | Note
-------+----------+-------------------------------------------
     0 | D:1      | galech the Demonspawn Fighter began the quest for the Orb.
     0 | D:1      | Reached XP level 1. HP: 18/18 MP: 1/1
   141 | D:1      | Gained mutation: A weak demonic guardian rushes to your
                  | aid. [demonic ancestry]
   141 | D:1      | Reached XP level 2. HP: 24/24 MP: 2/2
   688 | D:2      | Reached skill level 2 in Axes
   723 | D:2      | Found a shimmering altar of Xom.
   788 | D:2      | Reached XP level 3. HP: 20/29 MP: 3/3
  1361 | D:2      | Gained mutation: You have large cloven feet. [demonic
                  | ancestry]
  1361 | D:2      | Reached XP level 4. HP: 25/35 MP: 4/4
  1610 | D:2      | Reached skill level 3 in Axes
  1683 | D:2      | Found a snail-covered altar of Cheibriados.
  1826 | D:2      | Noticed an air elemental
  1828 | D:2      | Found a stormy altar of Qazlal.
  1831 | D:2      | Noticed an earth elemental
  1831 | D:2      | Noticed a water elemental
  1831 | D:2      | Noticed a fire elemental
  2224 | D:3      | Gained mutation: When hurt, damage is shared between your
                  | health and your magic reserves. [demonic ancestry]
  2224 | D:3      | Reached XP level 5. HP: 36/41 MP: 5/5
  2545 | D:3      | Reached skill level 4 in Axes
  2674 | D:4      | Found a blossoming altar of Fedhas.
  2761 | D:4      | Noticed an ogre
  2768 | D:4      | Killed an ogre
  2768 | D:4      | Reached skill level 1 in Dodging
  2768 | D:4      | Gained mutation: You have hoof-like feet. [demonic
                  | ancestry]
  2768 | D:4      | Reached XP level 6. HP: 48/48 MP: 6/6
  2827 | D:4      | Reached skill level 5 in Axes
  3136 | D:4      | Reached XP level 7. HP: 50/53 MP: 5/7
  3416 | D:4      | Found a staircase to the Ecumenical Temple.
  3514 | Temple   | Entered the Ecumenical Temple
  4036 | D:5      | Entered Level 5 of the Dungeon
  4046 | D:5      | Found a transporter.
  4237 | D:5      | Found a shadowy altar of Dithmenos.
  4249 | D:5      | Found a radiant altar of Vehumet.
  4289 | D:5      | Found a transporter.
  4318 | D:5      | Reached skill level 6 in Axes
  4318 | D:5      | Reached XP level 8. HP: 61/61 MP: 8/8
  4902 | D:6      | Noticed Edmund
  4907 | D:6      | Killed Edmund
  4907 | D:6      | Reached skill level 5 in Fighting
  5300 | D:7      | Reached skill level 1 in Stealth
  5386 | D:7      | Reached skill level 7 in Axes
  5386 | D:7      | Reached skill level 5 in Shields
  5596 | D:7      | Reached skill level 5 in Armour
  5688 | D:7      | Gained mutation: You are partially covered in iridescent
                  | scales. (AC +2) [demonic ancestry]
  5688 | D:7      | Reached XP level 9. HP: 21/68 MP: 7/9
  6095 | D:7      | Found a hazy altar of Hepliaklqana.
  6306 | D:8      | Found a white marble altar of Elyvilon.
  6439 | D:8      | Got an encrusted chain mail
  6464 | D:8      | Identified the +3 chain mail of the Komtur {Int-3 Dex+5}
                  | (You found it on level 8 of the Dungeon)
  7079 | D:8      | Found Naggirr's Gadget Boutique.
  7168 | D:8      | Reached skill level 8 in Axes
  7259 | D:8      | Noticed a death yak
  7569 | D:8      | Found Ethraj's Jewellery Emporium.
  7756 | D:8      | Killed a death yak
  8270 | D:9      | Found an iron altar of Okawaru.
  8277 | D:9      | Reached XP level 10. HP: 76/76 MP: 10/10
  8284 | D:9      | Became a worshipper of Warmaster Okawaru
  8435 | D:9      | Reached skill level 9 in Axes
  8514 | D:9      | Reached * piety under Okawaru
  8669 | D:9      | Reached ** piety under Okawaru
  9321 | D:10     | Entered Level 10 of the Dungeon
  9471 | D:10     | Noticed a gargoyle
  9487 | D:10     | Killed a gargoyle
  9571 | D:10     | Noticed a deep elf mage
  9585 | D:10     | Killed a deep elf mage
  9585 | D:10     | Reached skill level 10 in Axes
  9930 | D:10     | Noticed a red ugly thing
  9946 | D:10     | Killed a red ugly thing
  9946 | D:10     | Reached *** piety under Okawaru
 10256 | D:10     | Reached XP level 11. HP: 82/83 MP: 9/11
 10398 | D:10     | Got a transparent robe
 10409 | D:10     | Identified the +1 robe "Fephothri" {Dex+4} (You found it on
                  | level 10 of the Dungeon)
 10461 | D:10     | Noticed Grum
 10479 | D:10     | Killed Grum
 10576 | D:10     | Found a staircase to the Lair.
 10920 | D:11     | Reached **** piety under Okawaru
 11020 | D:11     | Reached skill level 1 in Invocations
 12253 | D:11     | Noticed a two-headed ogre
 12254 | D:11     | Noticed a white ugly thing
 12266 | D:11     | Killed a two-headed ogre
 12266 | D:11     | Reached skill level 11 in Axes
 12278 | D:11     | Killed a white ugly thing
 12278 | D:11     | Reached ***** piety under Okawaru
 12712 | D:11     | Killed an unseen horror
 12821 | D:12     | Noticed a two-headed ogre
 12834 | D:12     | Killed a two-headed ogre
 12834 | D:12     | Received a gift from Okawaru
 12956 | D:12     | Noticed a cyan ugly thing
 12983 | D:12     | Killed a cyan ugly thing
 13216 | D:12     | Found a staircase to the Orcish Mines.
 13369 | D:12     | Gained mutation: You regenerate magic rapidly. [demonic
                  | ancestry]
 13369 | D:12     | Reached XP level 12. HP: 76/91 MP: 9/12
 13630 | D:12     | Found Deamewi's Armour Shoppe.
 13702 | D:12     | Noticed a seven-headed hydra
 14226 | D:12     | Killed a three-headed hydra
 14612 | D:12     | Noticed a catoblepas
 14625 | D:12     | Reached skill level 1 in Polearms
 14641 | D:12     | Killed a catoblepas
 14880 | Orc:1    | Entered Level 1 of the Orcish Mines
 14959 | Orc:1    | Reached skill level 5 in Dodging
 15363 | Orc:1    | Found Soodghith's Antique Weapon Emporium.
 15365 | Orc:1    | Bought a runed war axe for 169 gold pieces
 15609 | Orc:2    | Entered Level 2 of the Orcish Mines
 15838 | Orc:2    | Reached skill level 12 in Axes
 15957 | Orc:2    | Found a roughly hewn altar of Beogh.
 16168 | Orc:2    | Found Disaorunoe's General Store.
 16172 | Orc:2    | Found Gocinnuo's Food Shoppe.
 16330 | Orc:2    | Gained mutation: Armour fits poorly on your strangely
                  | shaped body. [a neqoxec]
 16336 | Orc:2    | Gained mutation: Potions are less effective at restoring
                  | your health. [a neqoxec]
 16810 | Orc:2    | Bought a scroll of identify for 28 gold pieces
 17033 | Orc:2    | Annihilated by an orc knight

Vault maps used:
D:1:      sevenhm_arrival_forest_fort_small_6, serial_rivers,
          chequers_serial_rivers_micro_e, chequers_serial_rivers_micro_e,
          chequers_serial_rivers_small_3, chequers_serial_rivers_micro_d,
          chequers_serial_rivers_micro_c
D:2:      nicolae_overflow_crystal_walls, nicolae_qazlal_style_of_elements,
          lemuel_coloured_pillars_altar
D:3:      first_ration, roderic_roman_lattice, roderic_serpentine_path
D:4:      fedhas_altar_3, minmay_temple_entry_enclosed_plants
D:5:      gammafunk_wand_slinger, overflow_temple_1_default, kennysheep_mini
D:6:      uniq_edmund
D:7:      nicolae_overflow_hidden_temple
D:8:      overflow_temple_1_default, serial_ice, serial_ice_e, serial_ice_h,
          serial_ice_o, serial_ice_k, serial_ice_d, serial_ice_m, serial_shops,
          kennysheep_little_box, nicolae_shop_behind_doors
D:9:      overflow_temple_1_default
D:10:     lair_entry_dummy, hangedman_stone_soup, uniq_grum
D:12:     kennysheep_orc_monster_closet_entryway, serial_shops, shop_statue,
          kennysheep_four_rooms
Temple:   oiseaux_autumnal_temple
Orc:1:    serial_shops, shop
Orc:2:    pf_orc_diabolical, basic_altar

Skill      XL: |  1  2  3  4  5  6  7  8  9 10 11 12 |
---------------+-------------------------------------+-----
Axes           | 2 3 4 5 6 7 8 10 11 12 | 12.4
Armour         | 3 4 5 6 7 8 |  8.3
Shields        | 3 4 5 6 7 8 9 |  9.2
Dodging        | 1 2 4 5 |  5.2
Fighting       | 4 5 6 7 8 9 |  9.3
Stealth        | 1 2 3 |  3.0
Invocations    | 1 |  1.4
Polearms       | 2 |  2.4

Action                   |  1- 3 |  4- 6 |  7- 9 | 10-12 || total
-------------------------+-------+-------+-------+-------++-------
Melee: War axe           |    87 |   147 |   376 |   328 ||   938
       Kick              |       |    43 |   134 |   519 ||   696
       Hand axe          |       |       |       |   703 ||   703
       Halberd           |       |       |       |    13 ||    13
Invok: Heroism           |       |       |       |     8 ||     8
  Use: Scroll            |       |       |     9 |    10 ||    19
       Potion            |       |       |     5 |       ||     5
 Stab: Distracted        |       |       |     5 |     7 ||    12
  Eat: Chunk             |     2 |    17 |     8 |    24 ||    51
       Ration            |       |       |     1 |     3 ||     4
Armor: Scale mail        |    48 |    83 |   112 |       ||   243
       Chain mail        |       |       |    53 |   512 ||   565
       Plate armour      |       |       |     1 |       ||     1
Dodge: Dodged            |    24 |    55 |   109 |   210 ||   398
Block: Shield            |    47 |    93 |   229 |   159 ||   528
       Reflection        |       |       |     1 |    15 ||    16
       Large shield      |       |       |       |   662 ||   662
       Other             |       |       |       |     5 ||     5

Table legend:
 A = Non-vault XP
 B = Vault XP
 C = Vault XP percentage of total XP
 D = Non-vault monster count
 E = Vault monster count
 F = Vault count percentage of total count
                 A         B        C        D         E       F
            +---------+---------+-------+---------+---------+-------
      Total |   22757 |   11686 |  33.9 |     333 |      81 |  19.6
            +---------+---------+-------+---------+---------+-------
        D:1 |      16 |       0 |   0.0 |      10 |       0 |   0.0
        D:2 |     118 |       0 |   0.0 |      26 |       0 |   0.0
        D:3 |     192 |       0 |   0.0 |      43 |       0 |   0.0
        D:4 |     628 |       0 |   0.0 |      33 |       0 |   0.0
        D:5 |     624 |       0 |   0.0 |      20 |       0 |   0.0
        D:6 |     310 |     137 |  30.6 |       7 |       1 |  12.5
        D:7 |     952 |       0 |   0.0 |      18 |       0 |   0.0
        D:8 |     696 |    1648 |  70.3 |      20 |      11 |  35.5
        D:9 |    2719 |       0 |   0.0 |      33 |       0 |   0.0
       D:10 |    1960 |    1771 |  47.5 |      18 |       9 |  33.3
       D:11 |    6681 |     329 |   4.7 |      34 |       1 |   2.9
       D:12 |    5220 |    3573 |  40.6 |      34 |      24 |  41.4
      Orc:1 |    1922 |       0 |   0.0 |      22 |       0 |   0.0
      Orc:2 |     719 |    4228 |  85.5 |      15 |      35 |  70.0
            +---------+---------+-------+---------+---------+-------
